Waif, lawful female human Samurai --- ---- --- +. .. .| |.------ ------- .. -.| ------------ |.|....| |...|. +.. |.| `##...........| #|.|... |...|. | |.. |.| |..........| #..--|-----|...||---.--|) |.| |.<........| *|......|..|...|.|..|..|)-----|.| ##-..........| |.----.|..||---....|..|@|....|.| # |..........| |.|..-.-|--).{))-|-|..|@|.._.|.|### ------------ |.|..|....))..)....-|--.f....|.|# ..|---(---.----|--.)..(.|....|.|# |.|..|...|.+ |..--|---------|.|# |.|..|(((|.| |*[|....|#.| +.|# |.|..|.?(|.---|)?|....|..| |.|# |.-|------..{.---------|------.-# |..............................| -------------------------------- Waif the Kunoichi Experience level: 7 Strength: 18 Dexterity: 16 Constitution: 17 Intelligence: 12 Wisdom: 8 Charisma: 7 Health: 0(80) Energy: 26(26) Def: 9 Gold: 242 Moves: 3094 Dungeon seed: -uUJL1aj3ywlNu1d Game ID: Waif_1477145735 Your Inventory: Coins $ - 242 gold pieces Weapons a - a +0 katana (weapon in hand) c - a +0 yumi h - a +0 long sword w - 28 poisoned +0 orcish arrows A - 10 cursed poisoned -2 orcish arrows (in quiver) Armor e - an uncursed rustproof +0 splint mail (being worn) n - a cursed +0 Hawaiian shirt q - an uncursed +0 orcish cloak (being worn) y - an uncursed +0 orcish helm (being worn) z - an uncursed +0 pair of iron shoes (being worn) Y - an uncursed +0 dwarvish cloak Comestibles m - an uncursed cream pie o - an uncursed candy bar p - 4 uncursed gunyoki K - 2 uncursed tripe rations Scrolls I - a cursed scroll of remove curse Potions r - a blessed potion of object detection v - an uncursed potion of gain ability B - a blessed potion of fruit juice Rings s - an uncursed ring of warning Wands t - a blessed wand of probing (0:4) Tools f - an uncursed blindfold j - an uncursed mirror u - a bag of tricks (0:1) G - a cursed partly used wax candle (0:75) J - an uncursed mirror L - 6 uncursed tallow candles (0:200) M - 3 uncursed wax candles (0:400) Gems N - an uncursed worthless piece of orange glass Spells and supernatural/magical abilities: Name Level Category Fail Memory W - pray for help -- divine ? -- Your skills at the end: Fighting Skills martial arts [Basic] Weapon Skills short sword [Basic] long sword [Skilled] bow [Basic] Spellcasting Skills Final Attributes: You were fervently aligned. You aggravated monsters. You were fast. You were unlucky. You are dead. Vanquished creatures: a small mimic a watchman an iron piercer 2 gnome kings a chickatrice a housecat 5 fire ants 9 Uruk-hai a rock mole a yellow light 2 shriekers 4 gnome lords 2 gnomish wizards a straw golem a little dog 2 dwarves 5 monkeys a dwarf zombie 3 acid blobs a coyote 2 yellow molds a red mold 22 gnomes a gnome zombie 3 geckos 6 jackals 2 foxes a kobold 5 grid bugs 6 bats 2 lichens a kobold zombie 4 newts 101 creatures vanquished. Voluntary challenges: You used a wielded weapon 138 times, starting on turn 69. You were illiterate. You never genocided any monsters. You never polymorphed an object. You never changed form. You used no wishes. You never split a pudding. You never wrote Elbereth's name. You violated your moral code, losing 22 points of alignment, starting on turn 2899. Dungeon overview: The Dungeons of Doom: levels 1 to 4 Level 1 a long staircase Level 2 a general store Level 3 a general store Level 4 (PONY) an altar to Amaterasu Omikami stairs to The Gnomish Mines The Gnomish Mines: levels 5 to 7 Level 5 stairs to The Dungeons of Doom Level 6 Level 7 <- You were here some shops, a temple to Susanowo, some fountains, a sink History has recorded: On T:1 you entered the Dungeons of Doom to retrieve the Amulet of Yendor! On T:290 you advanced to experience level 2. On T:336 you reached level 2 of The Dungeons of Doom. On T:437 you advanced to experience level 3. On T:655 you advanced to experience level 4. On T:702 you reached level 3 of The Dungeons of Doom. On T:1145 you reached level 4 of The Dungeons of Doom. On T:1219 you reached level 1 of The Gnomish Mines. On T:1569 you advanced to experience level 5. On T:1720 you advanced to experience level 6. On T:2420 you reached level 2 of The Gnomish Mines. On T:2875 you reached level 3 of The Gnomish Mines. On T:2902 you advanced to experience level 7. Score breakdown: Gold: 242 ( 8115 points) Experience: 7 levels (13645 points) Exploration: 7 levels ( 13.46%) (10289 points) Discoveries: 8 items ( 3.25%) ( 5410 points) Valuables value: (no points given unless you survive) Artifact value: 0 ( 0 points) Variety of kills: 33 monsters ( 8.66%) ( 8829 points) Turncount: 3094 turns ( -645 points) Survival: died (score multiplied by 80%) Total score: 36514 Latest messages: The poisoned orcish arrow misses the watch captain. The poisoned orcish arrow misses the watch captain. The poisoned orcish arrow misses the watch captain. You are now wielding your katana. You miss the watch captain. (2x) The watch captain wields a silver saber! The watch captain swings her silver saber. The watch captain hits! You hit the watch captain! The watch captain swings her silver saber. The watch captain hits! The watch captain swings her silver saber. The watch captain hits! You miss the watch captain. The watch captain swings her silver saber. The watch captain hits! You die... Final status: Sayonara Waif the Samurai, killed by a watch captain... You died in The Gnomish Mines on dungeon level 7 with 36514 points, and 242 pieces of gold, after 3094 moves. You were level 7 with a maximum of 80 hit points when you died.